Predators vs Jets
(R1)
Created - May 8, 2018 at 19:05
Goals
|
| Predators |
0 |
0 |
4 |
4 |
| Jets |
0 |
1 |
0 |
1 |
|
Shots
|
| Predators |
11 |
5 |
14 |
30 |
| Jets |
9 |
17 |
13 |
39 |
|
1st period
No Goal
Penalties :
Derek Roy (Win) for Hooking (Minor) at 6:37, Niclas Bergfors (Nas) for Tripping (Minor) at 19:30
2nd period
1. Jets , Dustin Brown 2 (Derek Stepan 1) at 13:08
Penalties :
Eric Gelinas (Win) for Interference (Minor) at 11:15, Alexander Edler (Nas) for Kneeing (Minor) at 11:27
3rd period
2. Predators , Byron Bitz 3 (Ryan Kesler 2) at 9:28
3. Predators , Niclas Bergfors 2 (Mikael Granlund 1, Viktor Fasth) at 13:08 (PP)
4. Predators , Niclas Bergfors 3 (Alexander Edler 3, Alexander Ovechkin 3) at 17:23 (PP)
5. Predators , Niclas Bergfors 4 (Alexander Edler 4, Ryan Mcdonagh 2) at 19:23
Penalties :
Derek Roy (Win) for Roughing (Minor) at 2:15, Barret Jackman (Nas) for High sticking (Minor) at 6:23, Alexander Ovechkin (Nas) for Hooking (Minor) at 10:03, Erik Haula (Win) for Hooking (Minor) at 12:56, Shea Weber (Win) for Hooking (Minor) at 13:13, Shea Weber (Win) for Interference (Minor) at 17:14
Goalie Stats
Viktor Fasth (Nas), 38 saves from 39 shots - (0.974), W, 2-1-0, 60:00 minutes
Jacob Markstrom (Win), 26 saves from 30 shots - (0.867), L, 0-1-0, 60:00 minutes
Players Stats for Predators
Player Name G A P +/- PIM S H SB GA TA FO MP PP MP PK MP
------------------------------------------------------------------------------------
Adam Burish 0 0 0 0 0 1 0 1 1 0 0/0 16:14 0:06 3:54
Alexander Edler 0 2 2 2 2 1 1 1 2 0 0/0 27:07 3:58 3:43
Alexander Ovechkin 0 1 1 0 2 5 1 1 1 2 4/13 24:32 3:54 2:52
Alexander Steen 0 0 0 1 0 1 4 0 0 0 0/0 15:01 2:30 1:11
Andy Miele 0 0 0 0 0 0 0 0 0 0 2/5 10:27 0:00 0:00
Barret Jackman 0 0 0 0 2 0 2 1 0 0 0/0 12:56 0:00 0:05
Brett Clark 0 0 0 0 0 0 1 0 0 0 0/0 16:36 0:00 2:09
Byron Bitz 1 0 1 1 0 3 1 0 0 0 0/1 14:36 2:30 0:39
Chris Lawrence 0 0 0 0 0 0 1 0 0 0 0/1 9:04 0:00 1:33
Dmitri Kalinin 0 0 0 -1 0 1 0 0 0 0 0/0 17:12 2:31 0:17
James Van Riemsdyk 0 0 0 0 0 1 1 0 0 0 0/0 7:59 0:06 0:14
John Moore 0 0 0 -1 0 1 1 0 1 1 0/0 18:40 2:31 2:09
Justin Abdelkader 0 0 0 0 0 4 2 1 0 0 0/0 10:46 0:06 0:00
Marc Savard 0 0 0 1 0 3 3 0 0 0 15/24 15:01 0:00 0:26
Mikael Granlund 0 1 1 0 0 1 1 0 0 0 3/10 12:12 3:54 0:46
Niclas Bergfors 3 0 3 0 2 4 3 1 3 0 2/3 20:14 3:54 0:04
Ryan Kesler 0 1 1 1 0 2 0 0 2 0 10/15 14:15 2:30 0:39
Ryan Mcdonagh 0 1 1 2 0 2 0 1 1 0 0/0 29:08 3:59 3:55
Players Stats for Jets
Player Name G A P +/- PIM S H SB GA TA FO MP PP MP PK MP
------------------------------------------------------------------------------------
Alexander Frolov 0 0 0 -1 0 2 3 1 0 0 1/1 16:22 2:37 2:16
Anton Volchenkov 0 0 0 -1 0 4 2 5 0 1 0/0 24:38 0:12 4:03
Benoit Pouliot 0 0 0 -1 0 4 3 1 1 1 1/1 17:57 3:20 0:09
Derek Roy 0 0 0 -1 4 5 1 3 0 1 12/27 18:51 3:20 0:00
Derek Stepan 0 1 1 0 0 3 1 1 0 0 7/16 15:37 2:49 0:00
Devin Setoguchi 0 0 0 -1 0 3 1 1 0 1 1/1 13:01 2:37 0:00
Dustin Brown 1 0 1 0 0 4 1 0 0 0 3/3 24:16 3:32 4:05
Eric Gelinas 0 0 0 -1 2 0 0 0 1 2 0/0 21:40 2:56 3:51
Erik Haula 0 0 0 0 2 1 3 0 0 0 2/8 13:23 0:00 3:53
James Wright 0 0 0 0 0 0 0 0 0 0 2/4 9:23 0:00 0:00
Joe Colborne 0 0 0 0 0 0 1 0 0 0 4/7 11:15 0:00 1:19
Josh Bailey 0 0 0 0 0 4 0 0 0 0 0/0 9:23 0:00 0:00
Justin Falk 0 0 0 0 0 2 0 0 0 0 0/0 14:12 0:00 1:00
Kevin Klein 0 0 0 -1 0 0 0 1 0 0 0/0 14:14 3:13 0:00
Lee Stempniak 0 0 0 0 0 4 0 0 0 1 2/3 11:19 0:00 1:18
Marcus Johansson 0 0 0 0 0 1 2 0 1 0 1/1 9:29 0:00 0:00
Shea Weber 0 0 0 0 4 0 0 3 0 3 0/0 26:31 3:25 1:39
Tomas Kundratek 0 0 0 1 0 2 1 1 0 1 0/0 20:06 2:44 2:27
3 Stars
1 - Niclas Bergfors (Nas)
2 - Viktor Fasth (Nas)
3 - Byron Bitz (Nas)
Power Play
Predators - 2 on 6 Attempt(s) - 33.33%
Jets - 0 on 4 Attempt(s) - 0.00%
Penalty Kill
Predators - 4 on 4 Attempt(s) - 100.00%
- Score 0 goal in Penalty Kill
Jets - 4 on 6 Attempt(s) - 66.67%
- Score 0 goal in Penalty Kill
Team Stat
Predators - Hits : 22 - Faceoff Wins : 36 - Blocked Shots : 7 - Penalty Minutes : 8
Jets - Hits : 19 - Faceoff Wins : 36 - Blocked Shots : 17 - Penalty Minutes : 12
Official
Referees : Kozari Steve and Peel Tim
Linesman : Pierre Racicot and Shane Heyer
Game Notes
Niclas Bergfors has scored a Hat Trick!
Finance
Level 1 -- Attendance: 6000 (100.00%) -- Ticket Income $468,000
Level 2 -- Attendance: 5000 (100.00%) -- Ticket Income $260,000
Level 3 -- Attendance: 2000 (100.00%) -- Ticket Income $58,000
Level 4 -- Attendance: 4000 (100.00%) -- Ticket Income $104,000
Luxury Box -- Attendance: 1000 (100.00%) -- Ticket Income $160,000
Game was played at the MTS Center.
Total Attendance: 18000 (100.00%)
Total Ticket Income: $1,050,000
Other Income: $157,500
Total Income: $1,207,500
Predators
5 vs 5 Forward
Center Left Wing Right Wing Time % Phy DF OF
1 Marc Savard Alexander Ovechkin Niclas Bergfors 40 1 2 2
2 Ryan Kesler Alexander Steen Byron Bitz 30 1 2 2
3 Andy Miele Justin Abdelkader Adam Burish 20 2 1 2
4 Mikael Granlund James Van Riemsdyk Chris Lawrence 10 1 2 2
5 vs 5 Defense
Defense Defense Time % Phy DF OF
1 Ryan Mcdonagh Alexander Edler 40 1 2 2
2 John Moore Brett Clark 30 1 2 2
3 Dmitri Kalinin Barret Jackman 20 1 2 2
4 Ryan Mcdonagh Alexander Edler 10 1 2 2
PowerPlay Forward
Center Left Wing Right Wing Time % Phy DF OF
1 Mikael Granlund Alexander Ovechkin Niclas Bergfors 60 1 0 4
2 Ryan Kesler Alexander Steen Byron Bitz 40 1 0 4
PowerPlay Defense
Defense Defense Time % Phy DF OF
1 Ryan Mcdonagh Alexander Edler 60 1 1 3
2 John Moore Dmitri Kalinin 40 1 1 3
Penalty Kill 4 Players Forward
Center Wing Time % Phy DF OF
1 Alexander Ovechkin Adam Burish 60 1 2 2
2 Ryan Kesler Byron Bitz 40 1 2 2
Penalty Kill 4 Players Defense
Defense Defense Time % Phy DF OF
1 Ryan Mcdonagh Alexander Edler 60 1 2 2
2 John Moore Brett Clark 40 1 2 2
Penalty Kill - 3 Players Forward
Forward Time % Phy DF OF
1 Byron Bitz 60 1 2 2
2 Adam Burish 40 1 2 2
Penalty Kill - 3 Players Defense
Defense Defense Time % Phy DF OF
1 Ryan Mcdonagh Alexander Edler 60 1 2 2
2 John Moore Brett Clark 40 1 2 2
4 vs 4 Forward
Center Wing Time % Phy DF OF
1 Alexander Ovechkin Niclas Bergfors 60 1 2 2
2 Ryan Kesler Byron Bitz 40 1 2 2
4 vs 4 Defense
Defense Defense Time % Phy DF OF
1 Ryan Mcdonagh Alexander Edler 60 1 2 2
2 John Moore Dmitri Kalinin 40 1 2 2
Last Minutes Offensive
Center Left Wing Right Wing Defense Defense
Ryan Kesler Alexander Ovechkin Byron Bitz Ryan Mcdonagh Alexander Edler
Last Minutes Defensive
Center Left Wing Right Wing Defense Defense
Ryan Kesler Alexander Ovechkin Byron Bitz Ryan Mcdonagh Alexander Edler
Goaltenders
Starting : Viktor Fasth
Backup : Chad Johnson
Extra Forwards
Normal : James Van Riemsdyk, Justin Abdelkader, Mikael Granlund - PP : James Van Riemsdyk, Justin Abdelkader - PK : Chris Lawrence
Extra Defensemen
Normal : Dmitri Kalinin, Barret Jackman, John Moore - PP : Dmitri Kalinin - PK : Barret Jackman, John Moore
Penalty Shots
Alexander Ovechkin, Niclas Bergfors, Ryan Kesler, Byron Bitz, Alexander Steen
Scratches
Kris Vernarsky (Healthy)
Jets
5 vs 5 Forward
Center Left Wing Right Wing Time % Phy DF OF
1 Derek Roy Benoit Pouliot Dustin Brown 40 1 2 2
2 Derek Stepan Alexander Frolov Devin Setoguchi 30 1 2 2
3 Joe Colborne Marcus Johansson Lee Stempniak 15 0 3 2
4 James Wright Erik Haula Josh Bailey 15 1 2 2
5 vs 5 Defense
Defense Defense Time % Phy DF OF
1 Shea Weber Anton Volchenkov 40 1 2 2
2 Kevin Klein Eric Gelinas 30 1 2 2
3 Justin Falk Tomas Kundratek 20 1 2 2
4 Shea Weber Eric Gelinas 10 1 2 2
PowerPlay Forward
Center Left Wing Right Wing Time % Phy DF OF
1 Derek Roy Benoit Pouliot Dustin Brown 60 0 1 4
2 Derek Stepan Alexander Frolov Devin Setoguchi 40 1 2 2
PowerPlay Defense
Defense Defense Time % Phy DF OF
1 Kevin Klein Shea Weber 55 0 1 4
2 Eric Gelinas Tomas Kundratek 45 0 1 4
Penalty Kill 4 Players Forward
Center Wing Time % Phy DF OF
1 Erik Haula Dustin Brown 60 1 3 1
2 Joe Colborne Alexander Frolov 40 1 3 1
Penalty Kill 4 Players Defense
Defense Defense Time % Phy DF OF
1 Eric Gelinas Anton Volchenkov 60 1 3 1
2 Tomas Kundratek Shea Weber 40 1 3 1
Penalty Kill - 3 Players Forward
Forward Time % Phy DF OF
1 Erik Haula 60 0 4 1
2 Alexander Frolov 40 0 4 1
Penalty Kill - 3 Players Defense
Defense Defense Time % Phy DF OF
1 Shea Weber Anton Volchenkov 60 1 4 0
2 Eric Gelinas Tomas Kundratek 40 1 4 0
4 vs 4 Forward
Center Wing Time % Phy DF OF
1 Derek Stepan Dustin Brown 60 1 2 2
2 Derek Roy Benoit Pouliot 40 1 2 2
4 vs 4 Defense
Defense Defense Time % Phy DF OF
1 Shea Weber Anton Volchenkov 60 1 2 2
2 Eric Gelinas Tomas Kundratek 40 1 2 2
Last Minutes Offensive
Center Left Wing Right Wing Defense Defense
Derek Roy Benoit Pouliot Dustin Brown Eric Gelinas Shea Weber
Last Minutes Defensive
Center Left Wing Right Wing Defense Defense
Derek Roy Erik Haula Dustin Brown Anton Volchenkov Shea Weber
Goaltenders
Starting : Jacob Markstrom
Backup : Kari Lehtonen
Extra Forwards
Normal : Marcus Johansson, Derek Roy, Lee Stempniak - PP : Marcus Johansson, Derek Roy - PK : Lee Stempniak
Extra Defensemen
Normal : Eric Gelinas, Anton Volchenkov, Shea Weber - PP : Eric Gelinas - PK : Justin Falk, Shea Weber
Penalty Shots
Derek Roy, Benoit Pouliot, Devin Setoguchi, Lee Stempniak, Marcus Johansson
Scratches
Fredrik Sjostrom (Healthy), Michael Rupp (Healthy), Tyler Myers (Sore Left Knee Injury), Marco Scandella (Left Knee Injury)
% Time on Ice - Predators
Lines # - Real PCT - Wanted PCT - Time Play
Normal Forward
1 - 37% - 40% - 16:48
2 - 24% - 30% - 10:53
3 - 23% - 20% - 10:27
4 - 16% - 10% - 7:26
Normal Defense
1 - 41% - 40% - 18:54
2 - 32% - 30% - 14:27
3 - 24% - 20% - 10:48
4 - 3% - 10% - 1:25
PP Forward
1 - 62% - 60% - 4:00
2 - 38% - 40% - 2:30
PP Defense
1 - 61% - 60% - 3:59
2 - 39% - 40% - 2:31
PK Forward
1 - 89% - 60% - 5:30
2 - 11% - 40% - 0:39
PK Defense
1 - 65% - 60% - 4:00
2 - 35% - 40% - 2:09
PK3 Forward
1 - 0% - 60%
2 - 0% - 40%
PK3 Defense
1 - 0% - 60%
2 - 0% - 40%
44 Forward
1 - 88% - 60% - 1:34
2 - 12% - 40% - 0:13
44 Defense
1 - 96% - 60% - 1:43
2 - 4% - 40% - 0:04
Last Minute Offensive - 0:00
Last Minute Defensive - 0:00
Total
Forward - 60:00
Defense - 60:00
|
% Time on Ice - Jets
Lines # - Real PCT - Wanted PCT - Time Play
Normal Forward
1 - 35% - 40% - 15:51
2 - 24% - 30% - 10:51
3 - 21% - 15% - 9:29
4 - 21% - 15% - 9:23
Normal Defense
1 - 40% - 40% - 18:24
2 - 27% - 30% - 12:28
3 - 27% - 20% - 12:27
4 - 5% - 10% - 2:15
PP Forward
1 - 57% - 60% - 3:32
2 - 43% - 40% - 2:37
PP Defense
1 - 56% - 55% - 3:25
2 - 44% - 45% - 2:44
PK Forward
1 - 80% - 60% - 5:11
2 - 20% - 40% - 1:19
PK Defense
1 - 62% - 60% - 4:03
2 - 38% - 40% - 2:27
PK3 Forward
1 - 0% - 60%
2 - 0% - 40%
PK3 Defense
1 - 0% - 60%
2 - 0% - 40%
44 Forward
1 - 75% - 60% - 1:20
2 - 25% - 40% - 0:27
44 Defense
1 - 71% - 60% - 1:16
2 - 29% - 40% - 0:31
Last Minute Offensive - 0:00
Last Minute Defensive - 0:00
Total
Forward - 60:00
Defense - 60:00
|
Play by Play
1st period
0:01 of 1st period - Derek Roy wins face-off versus Marc Savard in neutral zone.
0:04 of 1st period - Slapshot by Shea Weber.
0:04 of 1st period - Shot Misses the Net.
0:14 of 1st period - Snap shot by Alexander Ovechkin.
0:14 of 1st period - Stopped by Jacob Markstrom without a rebound.
0:15 of 1st period - Ryan Kesler wins face-off versus Derek Stepan in Jets zone.
0:50 of 1st period - Wrist shot by Lee Stempniak.
0:50 of 1st period - Stopped by Viktor Fasth without a rebound.
0:51 of 1st period - Marc Savard wins face-off versus Joe Colborne in Predators zone.
0:51 of 1st period - Marc Savard is hit by Marcus Johansson.
1:17 of 1st period - Lee Stempniak is hit by Justin Abdelkader and loses puck.
1:30 of 1st period - Snap shot by Justin Abdelkader.
1:30 of 1st period - Shot Misses the Net.
1:46 of 1st period - Justin Falk is hit by Mikael Granlund.
1:50 of 1st period - Tomas Kundratek is hit by Chris Lawrence and loses puck.
2:09 of 1st period - Snap shot by Marcus Johansson.
2:09 of 1st period - Shot Misses the Net.
2:28 of 1st period - Wrist shot by Alexander Ovechkin.
2:28 of 1st period - Stopped by Jacob Markstrom without a rebound.
2:29 of 1st period - Benoit Pouliot wins face-off versus Marc Savard in Jets zone.
2:56 of 1st period - Shea Weber is hit by Alexander Steen and loses puck.
3:15 of 1st period - Wrist shot by Devin Setoguchi.
3:15 of 1st period - Stopped by Viktor Fasth without a rebound.
3:16 of 1st period - Derek Stepan wins face-off versus Andy Miele in Predators zone.
3:53 of 1st period - Snap shot by Dustin Brown.
3:53 of 1st period - Shot Blocked by Niclas Bergfors.
4:01 of 1st period - Derek Roy is hit by Marc Savard and loses puck.
4:44 of 1st period - Snap shot by Ryan Kesler.
4:44 of 1st period - Stopped by Jacob Markstrom with a rebound.
5:02 of 1st period - Snap shot by Justin Abdelkader.
5:02 of 1st period - Shot Blocked by Anton Volchenkov.
5:04 of 1st period - Wrist shot by Justin Abdelkader.
5:04 of 1st period - Stopped by Jacob Markstrom with a rebound.
5:18 of 1st period - Alexander Edler is hit by Joe Colborne and loses puck.
5:56 of 1st period - Wrist shot by Byron Bitz.
5:56 of 1st period - Shot Blocked by Tomas Kundratek.
6:12 of 1st period - Marc Savard is hit by Alexander Frolov and loses puck.
6:32 of 1st period - Off-side.
6:33 of 1st period - Marc Savard wins face-off versus Derek Roy in neutral zone.
6:37 of 1st period - Minor Penalty to Derek Roy for Hooking.
6:38 of 1st period - Mikael Granlund wins face-off versus Erik Haula in Jets zone.
6:38 of 1st period - Snap shot by Niclas Bergfors.
6:38 of 1st period - Shot Misses the Net.
6:53 of 1st period - Wrist shot by Erik Haula.
6:53 of 1st period - Shot Misses the Net.
7:36 of 1st period - Off-side.
7:37 of 1st period - Ryan Kesler wins face-off versus Lee Stempniak in neutral zone.
7:40 of 1st period - Wrist shot by Alexander Steen.
7:40 of 1st period - Stopped by Jacob Markstrom with a rebound.
7:42 of 1st period - Snap shot by Ryan Kesler.
7:42 of 1st period - Shot Misses the Net.
8:37 of 1st period - Penalty to Derek Roy is over, Derek Roy is back on ice.
8:56 of 1st period - Andy Miele is hit by Tomas Kundratek and loses puck.
10:09 of 1st period - Icing by Chris Lawrence.
10:10 of 1st period - Marc Savard wins face-off versus Erik Haula in Predators zone.
10:23 of 1st period - Marc Savard is hit by Erik Haula and loses puck.
11:02 of 1st period - Slapshot by Derek Stepan.
11:02 of 1st period - Shot Misses the Net.
11:04 of 1st period - Slapshot by Tomas Kundratek.
11:04 of 1st period - Stopped by Viktor Fasth with a rebound.
11:32 of 1st period - Brett Clark is hit by Benoit Pouliot and loses puck.
11:59 of 1st period - Backhand shot by Josh Bailey.
11:59 of 1st period - Stopped by Viktor Fasth with a rebound.
12:13 of 1st period - Shea Weber is hit by Brett Clark and loses puck.
12:20 of 1st period - Brett Clark is hit by Alexander Frolov and loses puck.
13:25 of 1st period - Slapshot by James Van Riemsdyk.
13:25 of 1st period - Stopped by Jacob Markstrom without a rebound.
13:26 of 1st period - Derek Stepan wins face-off versus Marc Savard in Jets zone.
13:26 of 1st period - Derek Stepan is hit by Niclas Bergfors.
13:33 of 1st period - Shea Weber is hit by Barret Jackman.
13:38 of 1st period - Slapshot by Alexander Frolov.
13:38 of 1st period - Shot Misses the Net.
13:52 of 1st period - Erik Haula is hit by Byron Bitz and loses puck.
14:03 of 1st period - Wrist shot by Ryan Kesler.
14:03 of 1st period - Stopped by Jacob Markstrom without a rebound.
14:04 of 1st period - Marc Savard wins face-off versus Derek Roy in Jets zone.
14:09 of 1st period - Wrist shot by Alexander Ovechkin.
14:09 of 1st period - Deflect By Marc Savard.
14:09 of 1st period - Stopped by Jacob Markstrom with a rebound.
14:58 of 1st period - Backhand shot by Justin Abdelkader.
14:58 of 1st period - Stopped by Jacob Markstrom with a rebound.
15:18 of 1st period - Anton Volchenkov is hit by Niclas Bergfors and loses puck.
15:33 of 1st period - Snap shot by Lee Stempniak.
15:33 of 1st period - Stopped by Viktor Fasth with a rebound.
15:35 of 1st period - Backhand shot by Lee Stempniak.
15:35 of 1st period - Stopped by Viktor Fasth without a rebound.
15:36 of 1st period - Joe Colborne wins face-off versus Mikael Granlund in Predators zone.
16:23 of 1st period - Derek Roy is hit by Marc Savard and loses puck.
16:36 of 1st period - Marc Savard is hit by Benoit Pouliot and loses puck.
17:48 of 1st period - Snap shot by Derek Stepan.
17:48 of 1st period - Shot Blocked by Barret Jackman.
17:50 of 1st period - Slapshot by Shea Weber.
17:50 of 1st period - Deflect By Devin Setoguchi.
17:50 of 1st period - Stopped by Viktor Fasth with a rebound.
17:52 of 1st period - Snap shot by Alexander Frolov.
17:52 of 1st period - Stopped by Viktor Fasth with a rebound.
17:55 of 1st period - Icing by Barret Jackman.
17:56 of 1st period - James Wright wins face-off versus Marc Savard in Predators zone.
18:21 of 1st period - Wrist shot by Marc Savard.
18:21 of 1st period - Stopped by Jacob Markstrom without a rebound.
18:22 of 1st period - Ryan Kesler wins face-off versus Derek Roy in Jets zone.
18:25 of 1st period - Snap shot by Ryan Kesler.
18:25 of 1st period - Shot Blocked by Shea Weber.
18:47 of 1st period - Derek Roy is hit by Justin Abdelkader and loses puck.
18:58 of 1st period - Wrist shot by Justin Abdelkader.
18:58 of 1st period - Stopped by Jacob Markstrom with a rebound.
19:04 of 1st period - Adam Burish is hit by Anton Volchenkov and loses puck.
19:25 of 1st period - Wrist shot by Derek Roy.
19:25 of 1st period - Stopped by Viktor Fasth with a rebound.
19:27 of 1st period - Slapshot by Shea Weber.
19:27 of 1st period - Deflect By Dustin Brown.
19:27 of 1st period - Shot Misses the Net.
19:27 of 1st period - Puck is out of play.
19:28 of 1st period - Marc Savard wins face-off versus Derek Stepan in Predators zone.
19:30 of 1st period - Minor Penalty to Niclas Bergfors for Tripping.
19:31 of 1st period - Alexander Ovechkin wins face-off versus Derek Stepan in Predators zone.
Goals for this period are 0 for Predators vs 0 for Jets.
Shots for this period are 11 for Predators vs 9 for Jets.
2nd period
0:01 of 2nd period - Alexander Ovechkin wins face-off versus Derek Roy in neutral zone.
0:48 of 2nd period - Ryan Kesler is hit by Derek Roy and loses puck.
1:15 of 2nd period - Dustin Brown is hit by Alexander Steen.
1:30 of 2nd period - Penalty to Niclas Bergfors is over, Niclas Bergfors is back on ice.
1:50 of 2nd period - Slapshot by Josh Bailey.
1:50 of 2nd period - Stopped by Viktor Fasth without a rebound.
1:51 of 2nd period - Marcus Johansson wins face-off versus Mikael Granlund in Predators zone.
2:35 of 2nd period - Snap shot by Josh Bailey.
2:35 of 2nd period - Deflect By James Wright.
2:35 of 2nd period - Shot Misses the Net.
2:35 of 2nd period - Puck is out of play.
2:36 of 2nd period - Marc Savard wins face-off versus James Wright in Predators zone.
2:36 of 2nd period - Marc Savard is hit by Erik Haula.
3:05 of 2nd period - Icing by Benoit Pouliot.
3:06 of 2nd period - Ryan Kesler wins face-off versus Derek Roy in Jets zone.
3:09 of 2nd period - Snap shot by Byron Bitz.
3:09 of 2nd period - Stopped by Jacob Markstrom without a rebound.
3:10 of 2nd period - Marc Savard wins face-off versus Derek Roy in Jets zone.
3:26 of 2nd period - Slapshot by Alexander Ovechkin.
3:26 of 2nd period - Shot Blocked by Derek Roy.
4:06 of 2nd period - Snap shot by Marcus Johansson.
4:06 of 2nd period - Stopped by Viktor Fasth without a rebound.
4:07 of 2nd period - Marc Savard wins face-off versus Derek Roy in Predators zone.
4:19 of 2nd period - Slapshot by Tomas Kundratek.
4:19 of 2nd period - Shot Misses the Net.
4:33 of 2nd period - Devin Setoguchi is hit by Alexander Steen and loses puck.
4:44 of 2nd period - Slapshot by Ryan Kesler.
4:44 of 2nd period - Shot Misses the Net.
5:23 of 2nd period - Icing by Tomas Kundratek.
5:24 of 2nd period - Marc Savard wins face-off versus James Wright in Jets zone.
6:21 of 2nd period - Wrist shot by James Van Riemsdyk.
6:21 of 2nd period - Deflect By Mikael Granlund.
6:21 of 2nd period - Stopped by Jacob Markstrom with a rebound.
6:35 of 2nd period - Snap shot by Derek Stepan.
6:35 of 2nd period - Shot Blocked by Justin Abdelkader.
6:37 of 2nd period - Slapshot by Tomas Kundratek.
6:37 of 2nd period - Stopped by Viktor Fasth with a rebound.
6:39 of 2nd period - Snap shot by Alexander Frolov.
6:39 of 2nd period - Shot Misses the Net.
6:41 of 2nd period - Slapshot by Justin Falk.
6:41 of 2nd period - Stopped by Viktor Fasth with a rebound.
6:43 of 2nd period - Snap shot by Derek Stepan.
6:43 of 2nd period - Shot Misses the Net.
6:53 of 2nd period - Wrist shot by Niclas Bergfors.
6:53 of 2nd period - Stopped by Jacob Markstrom without a rebound.
6:54 of 2nd period - Joe Colborne wins face-off versus Marc Savard in Jets zone.
8:09 of 2nd period - Snap shot by Lee Stempniak.
8:09 of 2nd period - Stopped by Viktor Fasth without a rebound.
8:10 of 2nd period - Derek Roy wins face-off versus Marc Savard in Predators zone.
8:57 of 2nd period - Eric Gelinas is hit by Alexander Edler and loses puck.
9:19 of 2nd period - Off-side.
9:20 of 2nd period - James Wright wins face-off versus Mikael Granlund in neutral zone.
9:43 of 2nd period - Wrist shot by James Van Riemsdyk.
9:43 of 2nd period - Shot Blocked by Anton Volchenkov.
9:54 of 2nd period - Slapshot by Josh Bailey.
9:54 of 2nd period - Stopped by Viktor Fasth without a rebound.
9:55 of 2nd period - Derek Roy wins face-off versus Marc Savard in Predators zone.
9:58 of 2nd period - Snap shot by Benoit Pouliot.
9:58 of 2nd period - Stopped by Viktor Fasth without a rebound.
9:59 of 2nd period - Marc Savard wins face-off versus Derek Roy in Predators zone.
10:34 of 2nd period - Icing by Ryan Mcdonagh.
10:35 of 2nd period - Derek Stepan wins face-off versus Niclas Bergfors in Predators zone.
10:38 of 2nd period - Snap shot by Devin Setoguchi.
10:38 of 2nd period - Shot Misses the Net.
10:50 of 2nd period - Snap shot by Niclas Bergfors.
10:50 of 2nd period - Shot Blocked by Anton Volchenkov.
10:52 of 2nd period - Slapshot by Ryan Mcdonagh.
10:52 of 2nd period - Stopped by Jacob Markstrom with a rebound.
10:58 of 2nd period - Snap shot by Alexander Ovechkin.
10:58 of 2nd period - Stopped by Jacob Markstrom without a rebound.
10:59 of 2nd period - Derek Roy wins face-off versus Byron Bitz in Jets zone.
11:15 of 2nd period - Minor Penalty to Eric Gelinas for Interference.
11:16 of 2nd period - Erik Haula wins face-off versus Mikael Granlund in Jets zone.
11:16 of 2nd period - Erik Haula is hit by Niclas Bergfors.
11:24 of 2nd period - Slapshot by Anton Volchenkov.
11:24 of 2nd period - Stopped by Viktor Fasth without a rebound.
11:25 of 2nd period - Mikael Granlund wins face-off versus Erik Haula in Predators zone.
11:27 of 2nd period - Minor Penalty to Alexander Edler for Kneeing.
11:28 of 2nd period - Dustin Brown wins face-off versus Alexander Ovechkin in Predators zone.
11:36 of 2nd period - Snap shot by Derek Stepan.
11:36 of 2nd period - Stopped by Viktor Fasth with a rebound.
11:38 of 2nd period - Slapshot by Anton Volchenkov.
11:38 of 2nd period - Stopped by Viktor Fasth without a rebound.
11:39 of 2nd period - Alexander Ovechkin wins face-off versus Derek Stepan in Predators zone.
11:46 of 2nd period - Slapshot by Anton Volchenkov.
11:46 of 2nd period - Stopped by Viktor Fasth with a rebound.
11:48 of 2nd period - Snap shot by Anton Volchenkov.
11:48 of 2nd period - Stopped by Viktor Fasth without a rebound.
11:49 of 2nd period - Niclas Bergfors wins face-off versus Derek Stepan in Predators zone.
12:24 of 2nd period - Dmitri Kalinin is hit by Derek Stepan and loses puck.
12:37 of 2nd period - Snap shot by Dustin Brown.
12:37 of 2nd period - Deflect By Derek Stepan.
12:37 of 2nd period - Stopped by Viktor Fasth without a rebound.
12:38 of 2nd period - Ryan Kesler wins face-off versus Derek Roy in Predators zone.
12:47 of 2nd period - Snap shot by Ryan Kesler.
12:47 of 2nd period - Shot Blocked by Anton Volchenkov.
12:50 of 2nd period - Icing by Derek Roy.
12:51 of 2nd period - Derek Roy wins face-off versus Alexander Ovechkin in Jets zone.
13:02 of 2nd period - Snap shot by Benoit Pouliot.
13:02 of 2nd period - Stopped by Viktor Fasth with a rebound.
13:04 of 2nd period - Slapshot by Derek Roy.
13:04 of 2nd period - Stopped by Viktor Fasth without a rebound.
13:05 of 2nd period - Derek Stepan wins face-off versus Alexander Ovechkin in Predators zone.
13:08 of 2nd period - Slapshot by Derek Stepan.
13:08 of 2nd period - Deflect By Dustin Brown.
13:08 of 2nd period - Goal by Dustin Brown - Predators : 0 - Jets : 1.
13:09 of 2nd period - Derek Stepan wins face-off versus Alexander Ovechkin in neutral zone.
13:15 of 2nd period - Penalty to Eric Gelinas is over, Eric Gelinas is back on ice.
13:27 of 2nd period - Penalty to Alexander Edler is over, Alexander Edler is back on ice.
15:00 of 2nd period - Snap shot by Derek Stepan.
15:00 of 2nd period - Shot Blocked by Ryan Mcdonagh.
15:02 of 2nd period - Slapshot by Anton Volchenkov.
15:02 of 2nd period - Shot Misses the Net.
15:04 of 2nd period - Snap shot by Eric Gelinas.
15:04 of 2nd period - Shot Misses the Net.
15:06 of 2nd period - Snap shot by Dustin Brown.
15:06 of 2nd period - Stopped by Viktor Fasth with a rebound.
15:08 of 2nd period - Wrist shot by Eric Gelinas.
15:08 of 2nd period - Deflect By Dustin Brown.
15:08 of 2nd period - Shot Hit the Post.
15:08 of 2nd period - Puck is out of play.
15:09 of 2nd period - Joe Colborne wins face-off versus Ryan Kesler in Predators zone.
15:16 of 2nd period - Ryan Kesler is hit by Marcus Johansson and loses puck.
15:47 of 2nd period - Chris Lawrence is hit by Erik Haula and loses puck.
16:35 of 2nd period - Off-side.
16:36 of 2nd period - Ryan Kesler wins face-off versus Joe Colborne in neutral zone.
16:39 of 2nd period - Lee Stempniak is hit by Alexander Steen and loses puck.
16:50 of 2nd period - Wrist shot by Byron Bitz.
16:50 of 2nd period - Shot Blocked by Kevin Klein.
17:23 of 2nd period - Alexander Frolov is hit by Marc Savard and loses puck.
18:45 of 2nd period - Icing by Derek Stepan.
18:46 of 2nd period - Ryan Kesler wins face-off versus Derek Roy in Jets zone.
19:32 of 2nd period - Erik Haula is hit by James Van Riemsdyk and loses puck.
19:47 of 2nd period - Ryan Mcdonagh is hit by Dustin Brown and loses puck.
Goals for this period are 0 for Predators vs 1 for Jets.
Shots for this period are 5 for Predators vs 17 for Jets.
3rd period
0:01 of 3rd period - Marc Savard wins face-off versus Derek Roy in neutral zone.
0:06 of 3rd period - Wrist shot by Alexander Ovechkin.
0:06 of 3rd period - Stopped by Jacob Markstrom with a rebound.
0:08 of 3rd period - Wrist shot by Marc Savard.
0:08 of 3rd period - Shot Blocked by Derek Roy.
0:10 of 3rd period - Wrist shot by Marc Savard.
0:10 of 3rd period - Shot Misses the Net.
0:12 of 3rd period - Wrist shot by Marc Savard.
0:12 of 3rd period - Stopped by Jacob Markstrom without a rebound.
0:13 of 3rd period - Derek Roy wins face-off versus Marc Savard in Jets zone.
0:24 of 3rd period - Snap shot by Derek Roy.
0:24 of 3rd period - Stopped by Viktor Fasth with a rebound.
0:26 of 3rd period - Slapshot by Derek Roy.
0:26 of 3rd period - Shot Blocked by Alexander Ovechkin.
0:28 of 3rd period - Snap shot by Dustin Brown.
0:28 of 3rd period - Stopped by Viktor Fasth without a rebound.
0:29 of 3rd period - Devin Setoguchi wins face-off versus Ryan Kesler in Predators zone.
0:45 of 3rd period - Slapshot by Ryan Kesler.
0:45 of 3rd period - Shot Blocked by Anton Volchenkov.
1:07 of 3rd period - Slapshot by Derek Roy.
1:07 of 3rd period - Shot Misses the Net.
1:19 of 3rd period - Lee Stempniak is hit by John Moore and loses puck.
1:47 of 3rd period - Slapshot by John Moore.
1:47 of 3rd period - Shot Blocked by Alexander Frolov.
1:49 of 3rd period - Slapshot by John Moore.
1:49 of 3rd period - Deflect By Devin Setoguchi.
1:49 of 3rd period - Stopped by Jacob Markstrom with a rebound.
1:51 of 3rd period - Snap shot by Adam Burish.
1:51 of 3rd period - Stopped by Jacob Markstrom without a rebound.
1:52 of 3rd period - Marc Savard wins face-off versus Derek Roy in Jets zone.
2:15 of 3rd period - Minor Penalty to Derek Roy for Roughing.
2:16 of 3rd period - Alexander Ovechkin wins face-off versus Erik Haula in Jets zone.
2:56 of 3rd period - Snap shot by Alexander Steen.
2:56 of 3rd period - Shot Misses the Net.
4:14 of 3rd period - Adam Burish is hit by Benoit Pouliot.
4:15 of 3rd period - Penalty to Derek Roy is over, Derek Roy is back on ice.
5:02 of 3rd period - Snap shot by James Wright.
5:02 of 3rd period - Shot Blocked by Alexander Edler.
5:04 of 3rd period - Wrist shot by Erik Haula.
5:04 of 3rd period - Stopped by Viktor Fasth with a rebound.
5:30 of 3rd period - Snap shot by Justin Falk.
5:30 of 3rd period - Stopped by Viktor Fasth with a rebound.
6:17 of 3rd period - Derek Roy is hit by Barret Jackman and loses puck.
6:23 of 3rd period - Minor Penalty to Barret Jackman for High sticking.
6:24 of 3rd period - Dustin Brown wins face-off versus Alexander Ovechkin in Predators zone.
6:58 of 3rd period - Snap shot by Devin Setoguchi.
6:58 of 3rd period - Stopped by Viktor Fasth without a rebound.
6:59 of 3rd period - Derek Roy wins face-off versus Alexander Ovechkin in Predators zone.
7:10 of 3rd period - Wrist shot by Dustin Brown.
7:10 of 3rd period - Shot Blocked by Adam Burish.
7:12 of 3rd period - Wrist shot by Dustin Brown.
7:12 of 3rd period - Stopped by Viktor Fasth without a rebound.
7:13 of 3rd period - Derek Roy wins face-off versus Alexander Ovechkin in Predators zone.
7:18 of 3rd period - Snap shot by Derek Roy.
7:18 of 3rd period - Stopped by Viktor Fasth with a rebound.
7:20 of 3rd period - Slapshot by Shea Weber.
7:20 of 3rd period - Shot Misses the Net.
7:22 of 3rd period - Wrist shot by Benoit Pouliot.
7:22 of 3rd period - Stopped by Viktor Fasth with a rebound.
7:24 of 3rd period - Snap shot by Derek Roy.
7:24 of 3rd period - Stopped by Viktor Fasth without a rebound.
7:25 of 3rd period - Derek Roy wins face-off versus Alexander Ovechkin in Predators zone.
8:23 of 3rd period - Penalty to Barret Jackman is over, Barret Jackman is back on ice.
8:59 of 3rd period - Slapshot by Josh Bailey.
8:59 of 3rd period - Stopped by Viktor Fasth without a rebound.
9:00 of 3rd period - Marc Savard wins face-off versus Derek Roy in Predators zone.
9:14 of 3rd period - Off-side.
9:15 of 3rd period - Ryan Kesler wins face-off versus Derek Stepan in neutral zone.
9:24 of 3rd period - Snap shot by Byron Bitz.
9:24 of 3rd period - Stopped by Jacob Markstrom without a rebound.
9:25 of 3rd period - Ryan Kesler wins face-off versus Derek Stepan in Jets zone.
9:28 of 3rd period - Snap shot by Byron Bitz.
9:28 of 3rd period - Goal by Byron Bitz - Predators : 1 - Jets : 1.
9:29 of 3rd period - Derek Roy wins face-off versus Alexander Ovechkin in neutral zone.
9:40 of 3rd period - Snap shot by Alexander Ovechkin.
9:40 of 3rd period - Shot Blocked by Benoit Pouliot.
9:42 of 3rd period - Snap shot by Ryan Mcdonagh.
9:42 of 3rd period - Stopped by Jacob Markstrom without a rebound.
9:43 of 3rd period - Marc Savard wins face-off versus Derek Stepan in Jets zone.
9:54 of 3rd period - Slapshot by Devin Setoguchi.
9:54 of 3rd period - Deflect By Derek Stepan.
9:54 of 3rd period - Stopped by Viktor Fasth with a rebound.
10:03 of 3rd period - Minor Penalty to Alexander Ovechkin for Hooking.
10:04 of 3rd period - Derek Roy wins face-off versus Chris Lawrence in Predators zone.
10:30 of 3rd period - Adam Burish is hit by Alexander Frolov and loses puck.
10:43 of 3rd period - Adam Burish is hit by Devin Setoguchi and loses puck.
12:03 of 3rd period - Penalty to Alexander Ovechkin is over, Alexander Ovechkin is back on ice.
12:56 of 3rd period - Minor Penalty to Erik Haula for Hooking.
12:57 of 3rd period - Lee Stempniak wins face-off versus Mikael Granlund in Jets zone.
13:08 of 3rd period - Snap shot by Niclas Bergfors.
13:08 of 3rd period - Goal by Niclas Bergfors - Predators : 2 - Jets : 1.
13:09 of 3rd period - Marc Savard wins face-off versus Derek Roy in neutral zone.
13:13 of 3rd period - Minor Penalty to Shea Weber for Hooking.
13:14 of 3rd period - Niclas Bergfors wins face-off versus Erik Haula in Jets zone.
13:17 of 3rd period - Wrist shot by Niclas Bergfors.
13:17 of 3rd period - Shot Misses the Net.
13:21 of 3rd period - Wrist shot by Alexander Ovechkin.
13:21 of 3rd period - Stopped by Jacob Markstrom without a rebound.
13:22 of 3rd period - Mikael Granlund wins face-off versus Erik Haula in Jets zone.
14:16 of 3rd period - Off-side.
14:17 of 3rd period - Lee Stempniak wins face-off versus Ryan Kesler in neutral zone.
14:32 of 3rd period - Slapshot by Dmitri Kalinin.
14:32 of 3rd period - Stopped by Jacob Markstrom without a rebound.
14:33 of 3rd period - Erik Haula wins face-off versus Ryan Kesler in Jets zone.
15:13 of 3rd period - Penalty to Shea Weber is over, Shea Weber is back on ice.
16:36 of 3rd period - Off-side.
16:37 of 3rd period - Derek Stepan wins face-off versus Mikael Granlund in neutral zone.
16:50 of 3rd period - Wrist shot by Alexander Edler.
16:50 of 3rd period - Deflect By Justin Abdelkader.
16:50 of 3rd period - Shot Blocked by Shea Weber.
16:50 of 3rd period - Puck is out of play.
16:51 of 3rd period - Andy Miele wins face-off versus Joe Colborne in Jets zone.
16:52 of 3rd period - Wrist shot by Justin Abdelkader.
16:52 of 3rd period - Stopped by Jacob Markstrom without a rebound.
16:53 of 3rd period - Joe Colborne wins face-off versus Andy Miele in Jets zone.
17:14 of 3rd period - Minor Penalty to Shea Weber for Interference.
17:15 of 3rd period - Dustin Brown wins face-off versus Mikael Granlund in Jets zone.
17:23 of 3rd period - Wrist shot by Niclas Bergfors.
17:23 of 3rd period - Goal by Niclas Bergfors - Predators : 3 - Jets : 1.
17:24 of 3rd period - Derek Roy wins face-off versus Andy Miele in neutral zone.
17:53 of 3rd period - Snap shot by Niclas Bergfors.
17:53 of 3rd period - Shot Misses the Net.
17:55 of 3rd period - Slapshot by Alexander Edler.
17:55 of 3rd period - Stopped by Jacob Markstrom with a rebound.
17:57 of 3rd period - Snap shot by Niclas Bergfors.
17:57 of 3rd period - Deflect By Shea Weber.
17:57 of 3rd period - Shot Blocked by Derek Stepan.
17:57 of 3rd period - Puck is out of play.
17:58 of 3rd period - Derek Stepan wins face-off versus Marc Savard in Jets zone.
17:58 of 3rd period - Derek Stepan is hit by Alexander Ovechkin.
18:18 of 3rd period - Slapshot by Alexander Frolov.
18:18 of 3rd period - Stopped by Viktor Fasth without a rebound.
18:19 of 3rd period - Andy Miele wins face-off versus Derek Roy in Predators zone.
18:30 of 3rd period - Snap shot by Justin Abdelkader.
18:30 of 3rd period - Shot Blocked by Shea Weber.
18:38 of 3rd period - Andy Miele is hit by Anton Volchenkov and loses puck.
19:21 of 3rd period - Backhand shot by Niclas Bergfors.
19:21 of 3rd period - Shot Blocked by Derek Roy.
19:23 of 3rd period - Wrist shot by Niclas Bergfors.
19:23 of 3rd period - Goal by Niclas Bergfors - Predators : 4 - Jets : 1.
19:24 of 3rd period - Ryan Kesler wins face-off versus Derek Stepan in neutral zone.
19:35 of 3rd period - Snap shot by Byron Bitz.
19:35 of 3rd period - Shot Blocked by Devin Setoguchi.
19:58 of 3rd period - Snap shot by Benoit Pouliot.
19:58 of 3rd period - Stopped by Viktor Fasth without a rebound.
19:59 of 3rd period - Alexander Frolov wins face-off versus Ryan Kesler in Predators zone.
Goals for this period are 4 for Predators vs 0 for Jets.
Shots for this period are 14 for Predators vs 13 for Jets.
Back to the Top